 Dungeon Crawl Stone Soup version 0.30-a0-879-ga8ba668304 (webtiles) character file.

Game seed: 4801671553339157321

163 Gerhazo the Ducker (level 5, -6/35 HPs)
             Began as a Djinni Hedge Wizard on Mar 13, 2023.
             Killed by divine providence
             ... invoked by an orc priest
              (11 damage)
             ... on level 4 of the Dungeon.
             The game lasted 00:01:50 (1144 turns).

Gerhazo the Ducker (Djinni Hedge Wizard)            Turns: 1144, Time: 00:01:50

Health: -6/35      AC:  2    Str:  9    XL:     5   Next: 72%
Gold:   111        EV: 18    Int: 17    God:
                   SH:  0    Dex: 13

rFire   + + .      SeeInvis .    a - +0 dagger
rCold   x . .      Faith    .    (no shield)
rNeg    . . .      Spirit   .    b - +0 robe
rPois   ∞          Reflect  .    c - +0 hat
rElec   .          Rampage  .    (no cloak)
rCorr   .                        (no gloves)
Will    .....                    (boots unavailable)
Stlth   ++                       (no amulet)
HPRegen 0.25/turn                h - +5 ring of evasion
MPRegen 0.00/turn                (no ring)

@: flying
A: sickness immunity, fire resistance 2, cold vulnerability 1, float, innate
caster, HP casting, extra vitality 1
a: no special abilities


You were on level 4 of the Dungeon.
You visited 1 branch of the dungeon, and saw 4 of its levels.

You collected 111 gold pieces.

Inventory:

Hand Weapons
 a - a +0 dagger (weapon)
Armour
 b - a +0 robe (worn)
 c - a +0 hat (worn)
Jewellery
 h - a +5 ring of evasion (left hand)
 j - a ring of ice
Scrolls
 d - a scroll of amnesia {unknown}
 g - 2 scrolls of magic mapping {unknown}
 i - 2 scrolls of identify {unknown}
Potions
 e - a potion of degeneration {unknown}
 f - a potion of mutation {unknown}


   Skills:
 + Level 0.0 Fighting
 + Level 3.8 Dodging
 + Level 3.0 Stealth
 + Level 3.3 Spellcasting


You knew the following spells:

 Your Spells              Type           Power      Damage    Failure   Level
a - Magic Dart            Conj           56%        1d5       4%          1
b - Slow                  Hex            56%        N/A       4%          1
c - Blink                 Tloc           28%        N/A       7%          2
d - Call Imp              Summ           14%        N/A       7%          2
e - Mephitic Cloud        Conj/Pois/Air  14%        N/A       13%         3
f - Necrotise             Necr           56%        1d6       4%          1
g - Static Discharge      Conj/Air       28%        2-4/arc   7%          2
Your spell library was empty.

Dungeon Overview and Level Annotations

Branches:
Dungeon (4/15)
 Temple: D:4-7

Altars:


Innate Abilities, Weirdness & Mutations

You are immune to sickness and miasma.
You are immune to poison.
Your flesh is very heat resistant. (rF++)
You are vulnerable to cold. (rC-)
You float through the air rather than walking.
You learn spells naturally, not from books.
Your magical power is your life essence.
You have superior vitality. (+4 MHP)


Message History

The magic dart hits the orc priest.
The orc priest is lightly wounded.
The orc priest shouts!
You hear a shout!
You hear an angry hiss.
The magic dart hits the orc priest.
The orc priest is lightly wounded.
The magic dart hits the orc priest.
The orc priest is moderately wounded.
An orc comes into view. It is wielding a +0 dagger.
The magic dart hits the orc priest.
The orc priest is heavily wounded.
The magic dart hits the orc priest.
The orc priest is heavily wounded.
The orc priest closely misses you.
The magic dart hits the orc priest.
The orc priest is heavily wounded.
The orc priest hits you with a +0 hand axe!
An orc comes into view. It is wielding a +0 flail.
The magic dart hits the orc priest.
The orc priest is almost dead.
The orc shouts!
You hear an angry hiss.
The orc priest attacks as you move away!
The orc priest hits you with a +0 hand axe.
A ball python comes into view.
Casting: Magic Dart (safe; 4% risk of failure)
Confirm with . or Enter, or press ? or * to list all spells.
A beastly little devil appears in a puff of flame.
The orc priest closely misses you. The orc attacks as you move away!
The orc hits you with a +0 flail.
* * * LOW HITPOINT WARNING * * *
Your crimson imp barely misses the orc.
The ball python bites your crimson imp but does no damage.
The ball python misses your crimson imp.
Your crimson imp barely misses the ball python.
The orc priest attacks as you move away!
The orc priest hits you with a +0 hand axe.
* * * LOW HITPOINT WARNING * * *
The ball python closely misses your crimson imp. x2
The orc priest calls down the wrath of Beogh upon you.
Beogh smites you!
You die...

#.....###.....#
#..#..#.....# ##.##.....##
### #...†......## #.##
####...#.###...# . #..##
##...##.##......#.. ....#
#.......#..........
....#####....##...o...)....
....##..##..###.@.o.5S##...
#........##..##...#.o## ..
#.......###..#...##.##
................###...#
...............## #......
..#.....<........#####.$.#
..#....#.........# .>...
.......#..........# ##..
....#####.......... .


You could see an orc priest, 2 orcs, a ball python (ally target) and a friendly
crimson imp (summoned).

Vanquished Creatures
  A hound (D:4)
  A gnoll (D:1)
  4 adders
  A worm (D:2)
  3 bats
  An endoplasm (D:2)
  2 goblins
  2 hobgoblins
  2 jackals (D:1)
  A quokka (D:2)
  A ball python (D:1)
  A frilled lizard (D:1)
  2 kobolds (D:2)
  3 rats
25 creatures vanquished.

Vanquished Creatures (collateral kills)
  A scorpion (D:4)
  An orc (D:4)
  3 jackals (D:1)
  2 rats
7 creatures vanquished.

Grand Total: 32 creatures vanquished

Notes
Turn   | Place    | Note
-------+----------+-------------------------------------------
     0 | D:1      | Gerhazo the Djinni Hedge Wizard began the quest for the
                  | Orb.
     0 | D:1      | Gerhazo set off with the following spells memorised: Magic
                  | Dart, Slow, Blink, Call Imp, Mephitic Cloud.
     0 | D:1      | Reached XP level 1. HP: 15/15 MP: 0/0
    44 | D:1      | Reached XP level 2. HP: 12/21 MP: 0/0
   342 | D:1      | Reached XP level 3. HP: 9/25 MP: 0/0
   342 | D:1      | Learned a level 1 spell: Necrotise
   860 | D:2      | Reached XP level 4. HP: 27/31 MP: 0/0
  1057 | D:4      | Reached XP level 5. HP: 26/35 MP: 0/0
  1057 | D:4      | Learned a level 2 spell: Static Discharge
  1144 | D:4      | Killed from afar by an orc priest

Illustrated notes

Levels and vault maps discovered:
D:1:      sevenhm_arrival_forest_fort_small_6, layout_loops_ring,
          minmay_tetromino_s4
D:2:      layout_loops_cross
D:3:      layout_basic, grunt_qazlal_sundering
D:4:      layout_cave_pools, gammafunk_temple_overflow_wave

Skill      XL: |  1  2  3  4  5 |
---------------+----------------+-----
Stealth        | 2 3 |  3.0
Dodging        | 3 |  3.8
Spellcasting   | 3 |  3.3

Action                     |  1- 3 |  4- 6 || total
---------------------------+-------+-------++-------
  Melee: Dagger            |    16 |       ||    16
         Punch             |     1 |       ||     1
   Cast: Magic Dart        |    68 |    31 ||    99
         Call Imp          |     4 |     2 ||     6
 Armour: Robe              |     6 |     1 ||     7
  Dodge: Dodged            |    48 |    11 ||    59

Table legend: (Time is in decaauts)
 A = Elapsed time spent in this place.
 B = Non-inter-level travel time spent in this place.
 C = Inter-level travel time spent in this place.
 D = Time resting spent in this place.
 E = Time spent auto-exploring this place.
 F = Levels seen in this place.
 G = Mean time per level.
                   A        B        C        D        E       F      G
               +--------+--------+--------+--------+--------+-----+--------+
         Total |   1142 |   1142 |      0 |     76 |    761 |   4 |  285.5 |
       Dungeon |   1142 |   1142 |      0 |     76 |    761 |   4 |  285.5 |
               +--------+--------+--------+--------+--------+-----+--------+

Top non-repeatable levels by time:
     D:1: 541 daAuts
     D:2: 352 daAuts
     D:4: 218 daAuts
     D:3: 29 daAuts
